 Dungeon Crawl Stone Soup version 0.29-a0-468-ge57f7f99b4 (webtiles) character file.

Game seed: 6343158366184964674

152930 Sobieck the Scorcher (level 17, 0/140 HPs)
             Began as a Yellow Draconian Conjurer on May 21, 2022.
             Was a High Priest of Vehumet.
             Slain by a salamander
             ... wielding a +3 halberd of freezing
              (12 damage)
             ... on level 2 of the Snake Pit on May 22, 2022.
             The game lasted 02:07:35 (38002 turns).

Sobieck the Scorcher (Yellow Draconian Conjurer)   Turns: 38002, Time: 02:07:35

Health: 0/140      AC: 17    Str: 12    XL:     17   Next: 3%
Magic:  32/34      EV: 13    Int: 31    God:    Vehumet [*****.]
Gold:   1669       SH:  4    Dex:  9    Spells: 2/42 levels left

rFire   + + +      SeeInvis .   a - +7 rapier (elec) {short}
rCold   x . .      Faith    .   M - +0 buckler
rNeg    + . .      Spirit   .   (body armour unavailable)
rPois   +          Reflect  .   J - +2 hat
rElec   .          Harm     .   S - +2 cloak {rPois}
rCorr   +          Rampage  .   X - +1 pair of gloves
Will    +....                   P - +0 pair of boots of the Doldrums {+Blink rPois rN+}
Stlth   ++........              E - amulet of regeneration {@e2}
HPRegen 1.13/turn               N - ring of fire
MPRegen 0.24/turn               K - ring of Liberty {rPois rF++ Int+6 Slay+5}

@: short of breath, slowed, studying Polearms, very slow
A: spit acid, AC +9, unfitting armour, acidic bite, cold-blooded, acid
resistance
a: Breathe Acid, Renounce Religion, Evoke Blink


You were on level 2 of the Snake Pit.
You worshipped Vehumet.
Vehumet was extremely pleased with you.
You visited 5 branches of the dungeon, and saw 26 of its levels.
You also visited: Ossuary and Bailey.

You collected 2371 gold pieces.
You spent 702 gold pieces at shops.


Innate Abilities, Weirdness & Mutations

You can spit globs of acid.
Your golden yellow scales are hard. (AC +9)
You cannot fit into any form of body armour.
You have acidic saliva.
You are cold-blooded and may be slowed by cold attacks.
You are resistant to acid. (rCorr)


   Skills:
 - Level 10.0 Fighting
 + Level 0.4 Short Blades
 - Level 8.0 Dodging
 - Level 1.7 Stealth
 - Level 4.0 Shields
 - Level 13.0 Spellcasting
 + Level 15.7 Conjurations
 - Level 3.0 Hexes
 - Level 19.0 Fire Magic


You had 2 spell levels left.
You knew the following spells:

 Your Spells              Type           Power      Damage    Failure   Level
a - Magic Dart            Conj           100%       1d8       0%          1
b - Orb of Destruction    Conj           43%        9d12      1%          7
c - Fulminant Prism       Conj/Hex       33%        3d16      1%          4
d - Fireball              Conj/Fire      56%        3d22      1%          5
e - Starburst             Conj/Fire      56%        6d15      1%          6
f - Flame Wave            Conj/Fire      100%       2d17      1%          4
g - Irradiate             Conj/Tmut      31%        3d23      1%          5
h - Ignition              Fire           59%        3d16      2%          8

Your spell library contained the following spells:

 Spells                   Type           Power      Damage    Failure   Level
 Iron Shot                Conj/Erth      31%        9d6       5%          6
 Searing Ray              Conj           100%       2d8       0%          2
 Dazzling Flash           Conj/Hex       100%       N/A       1%          3
 Hailstorm                Conj/Ice       62%        3d13      1%          4
 Iskenderun's Mystic Bla  Conj/Tloc      62%        2d13      1%          4
 Iskenderun's Battlesphe  Conj           87%        2d13      1%          5
 Lightning Bolt           Conj/Air       31%        1d48      1%          5
 Freezing Cloud           Conj/Ice/Air   25%        6-21      2%          5
 Conjure Ball Lightning   Conj/Air       31%        3x3d10    5%          6
 Airstrike                Air            10%        N/A       9%          4
 Cause Fear               Hex            19%        N/A       9%          4
 Leda's Liquefaction      Hex/Erth       14%        N/A       16%         4
 Lee's Rapid Deconstruct  Erth           10%        3d9*      21%         5
 Corpse Rot               Necr/Pois/Air  20%        N/A       30%         4
 Dispel Undead            Necr           20%        3d11      30%         4
 Ice Form                 Ice/Tmut       20%        N/A       30%         4
 Summon Lightning Spire   Summ/Air       20%        N/A       30%         4
 Fire Storm               Conj/Fire      56%        8d14      50%         9
 Summon Forest            Summ/Tloc      10%        N/A       63%         5
 Eringya's Noxious Bog    Tmut/Pois      10%        N/A       71%         6
 Death Channel            Necr           10%        N/A       99%         6
 Simulacrum               Ice/Necr       10%        N/A       99%         6
 Statue Form              Tmut/Erth      13%        N/A       99%         6
 Dragon Form              Tmut           10%        N/A       100%        7
 Summon Hydra             Summ           10%        N/A       100%        7
 Discord                  Hex            19%        N/A       100%        8
 Disjunction              Tloc           10%        N/A       100%        8
 Chain Lightning          Conj/Air       31%        3d41      100%        9
 Dragon's Call            Summ           10%        N/A       100%        9
 Polar Vortex             Ice            10%        N/A       100%        9
 Shatter                  Erth           10%        3d11*     100%        9

Inventory:

Hand Weapons
 a - a +7 rapier of electrocution (weapon) {short}
   (You took it off Nikola on level 2 of the Snake Pit)
 y - a +4 morningstar of freezing {mace}
   (You took it off a wight on level 9 of the Dungeon)
Missiles
 k - 2 throwing nets (quivered) {=f!fthrowing}
 D - 7 javelins {throwing}
Armour
 J - a +2 hat (worn)
   (You found it on level 5 of the Dungeon)
 M - a +0 buckler (worn)
   (You took it off an orc warrior on level 6 of the Dungeon)
 P - the +0 pair of boots of the Doldrums (worn) {+Blink rPois rN+}
   (You found it on level 7 of the Dungeon)

   rPois:     It protects you from poison.
   rN:        It protects you from negative energy.
   +Blink:    It lets you blink.
 S - a +2 cloak of poison resistance (worn)
   (You took it off Maurice on level 10 of the Dungeon)
 X - a +1 pair of gloves (worn)
   (You found it on level 1 of the Lair of Beasts)
Jewellery
 i - a ring of flight
   (You found it on level 2 of the Dungeon)
 q - a ring of see invisible
   (You found it on level 3 of the Dungeon)
 s - a ring of protection from fire
   (You found it on level 3 of the Dungeon)
 E - an amulet of regeneration (around neck) {@e2}
   (You found it on level 14 of the Dungeon)
 G - a ring of magical power
   (You found it on level 1 of the Lair of Beasts)
 K - the ring of Liberty (right hand) {rPois rF++ Int+6 Slay+5}
   (You found it on level 5 of the Dungeon)

   [ring of intelligence]

   Int:       It affects your intelligence (+6).
   Slay:      It affects your accuracy & damage with ranged weapons and melee
   (+5).
   rF:        It greatly protects you from fire.
   rPois:     It protects you from poison.
 N - a ring of fire (left hand)
   (You found it on level 6 of the Dungeon)
Wands
 h - a wand of digging (3)
   (You took it off Grinder on level 4 of the Dungeon)
 B - a wand of charming (7)
   (You found it on level 2 of the Lair of Beasts)
 C - a wand of polymorph (5)
   (You found it on level 13 of the Dungeon)
 O - a wand of paralysis (7)
   (You found it on level 10 of the Dungeon)
 R - a wand of acid (4)
   (You found it on level 12 of the Dungeon)
 U - a wand of iceblast (13)
   (You took it off Maurice on level 10 of the Dungeon)
Scrolls
 e - 2 scrolls of fear
 p - a scroll of amnesia
 u - 13 scrolls of identify {@r1}
 v - 10 scrolls of noise {!r}
 x - 4 scrolls of immolation {!r!r}
 z - 9 scrolls of teleportation {@r4}
 A - a scroll of torment {!r}
 F - 5 scrolls of fog
 H - a scroll of summoning
 I - a scroll of silence {!r}
 Q - 4 scrolls of blinking {!r}
 T - 2 scrolls of poison
Potions
 b - 3 potions of haste {@q3}
 d - 4 potions of might
 f - 5 potions of attraction {!q}
 g - 6 potions of mutation {!q}
 j - 4 potions of invisibility
 l - 2 potions of cancellation
 m - 6 potions of brilliance
 n - 16 potions of curing {@q1}
 o - 4 potions of lignification {!q}
 r - 6 potions of resistance
 t - 4 potions of magic
 w - 10 potions of heal wounds {@q2}
 L - a potion of berserk rage {!q}
 W - 2 potions of flight
 Y - a potion of ambrosia
Miscellaneous
 Z - a box of beasts
   (You found it on level 10 of the Dungeon)

Dungeon Overview and Level Annotations

Branches:
Dungeon (15/15)            Temple (1/1) D:4            Lair (6/6) D:8
  Swamp (0/4) Lair:3        Snake (2/4) Lair:2        Slime (0/5) Lair:5
    Orc (2/2) D:12            Elf (0/3) Orc:2        Vaults (0/5) D:13
 Depths (0/4) D:15        Ossuary (visited)          Bailey (visited)

Altars:
Ashenzari
Cheibriados
Dithmenos
Elyvilon
Fedhas
Gozag
Hepliaklqana
Kikubaaqudgha
Makhleb
Nemelex Xobeh
Okawaru
Qazlal
Ru
Sif Muna
Trog
Uskayaw
Vehumet
Wu Jian
Xom
Yredelemnul
Zin
The Shining One
Jiyva
Lugonu

Shops:
D:5 :   Orc:2 *:[((:(

Portals:
Abyss: Orc:2

Annotations:
D:2 1 runed translucent door, Crazy Yiuf
D:3 2 transporters, Snarg's ghost, amateur OpTm
D:4 Pargi
D:14 2 transporters, Solauffi's ghost, journeyman DjFE
Lair:5 1 runed translucent door

####. ###...... #####
#.#...... ##...#####
#.$.....) ##...#...#####
#†#..##)) ##...#...#...#
#@# .....
.).......#...###[#......
#####.#.........NN).....
#......###..)S..##.. ##
#......# #..?....# .
.####...#### ####....#
.#....#..# ......
.#....##.# ...[.##
##....# .# #....#


You could see 2 salamanders and a mana viper.


Message History

Things that are here:
a +0 robe; a +0 long sword {long}
There is a stone staircase leading up, spattered with blood here.
Unknown command.
Casting: Starburst (mildly dangerous; 1% risk of failure)
Confirm with . or Enter, or press ? or * to list all spells.
Okay, then.
Unknown command.
The salamander hits you from afar with a +0 trident!
You are engulfed in flames.
You resist.
Unknown command.
Casting: Starburst (mildly dangerous; 1% risk of failure)
Confirm with . or Enter, or press ? or * to list all spells.
Okay, then.
Unknown command.
Unknown command.
Press: ? - help, Shift-Dir - straight line, f - salamander
Aim: a salamander, wielding a +0 trident (81% to hit)
You spit a glob of acid.
The glob of acid hits the salamander!!
The acid corrodes the salamander!
You hear a shout!
The salamander hits you but does no damage.
Casting: Starburst (mildly dangerous; 1% risk of failure)
Confirm with . or Enter, or press ? or * to list all spells.
Aiming: Orb of Destruction (dangerous; 1% risk of failure)
Press: ? - help, Shift-Dir - straight line, f/p - salamander
Aim: a salamander, wielding a +0 trident (moderately wounded, covered in acid)
The wavering orb of destruction hits the salamander!!
The salamander hits you but does no damage.
Casting: Orb of Destruction (dangerous; 1% risk of failure)
Confirm with . or Enter, or press ? or * to list all spells.
Aiming: Fulminant Prism (safe; 1% risk of failure)
Press: ? - help, Dir - move target, p - salamander You conjure a prism of explosive energy!
A fulminant prism comes into view.
The salamander hits you but does no damage.
The salamander hits you from afar with a +3 halberd of freezing.
You are engulfed in flames.
You resist. The salamander freezes you.
The salamander hits you from afar with a +0 trident!
You are engulfed in flames.
You resist.
Your fulminant prism crackles loudly.
The salamander hits you from afar with a +3 halberd of freezing!
You are engulfed in flames.
You resist.
You feel yourself slow down. The salamander freezes you.
You block the salamander's attack.
The blast of energy engulfs the naga!!
You kill the naga!
Vehumet accepts your kill.
You feel your power returning.
The blast of energy engulfs the salamander!! x2
You kill the salamander!
Vehumet accepts your kill.
You feel your power returning. Vehumet accepts your kill.
You feel your power returning.
You feel a bit more experienced.
You hear a shout!
You hear an angry hiss.
You hear a shout!
Unknown command.
A salamander and a mana viper come into view.
The mana viper hisses angrily.
The salamander hits you with a +3 halberd of freezing!
You are engulfed in flames.
You resist. The salamander freezes you. You block the salamander's attack.
Things that are here:
a +0 robe; a +0 long sword {long} You puncture the salamander!
You tail-slap the salamander!
You feel yourself speed up.
The salamander hits you with a +3 halberd of freezing!
You are engulfed in flames.
You resist.
You feel yourself slow down. The salamander freezes you!
* * * LOW HITPOINT WARNING * * *
The salamander hits you with a +3 halberd of freezing!
* * * LOW HITPOINT WARNING * * *
You are engulfed in flames.
You resist.
* * * LOW HITPOINT WARNING * * *
The salamander freezes you!
* * * LOW HITPOINT WARNING * * *
The salamander attacks as you move away!
The salamander hits you with a +3 halberd of freezing!
* * * LOW HITPOINT WARNING * * *
You are engulfed in flames.
You resist.
* * * LOW HITPOINT WARNING * * *
The salamander freezes you!
* * * LOW HITPOINT WARNING * * *
The salamander misses you.
The salamander hits you from afar with a +3 halberd of freezing!
* * * LOW HITPOINT WARNING * * *
You are engulfed in flames.
You resist.
* * * LOW HITPOINT WARNING * * *
You feel as though you will be slow longer.
The salamander freezes you.
* * * LOW HITPOINT WARNING * * *
There is a stone staircase leading up, spattered with blood here.
Unknown command.
The salamander hits you from afar with a +0 spear.
* * * LOW HITPOINT WARNING * * *
You are engulfed in flames.
You resist.
* * * LOW HITPOINT WARNING * * *
The salamander hits you from afar with a +3 halberd of freezing!
You die...

Skill      XL: |  1  2  3  4  5  6  7  8  9 10 11 12 13 14 15 16 |
---------------+-------------------------------------------------+-----
Fighting       | 1 2 3 4 6 7 9 10 | 10.0
Dodging        | 2 3 4 6 8 |  8.0
Spellcasting   | 3 4 5 9 10 11 12 13 | 13.0
Conjurations   | 5 6 7 10 12 13 15 | 15.7
Hexes          | 1 2 3 |  3.0
Fire Magic     | 5 11 13 15 18 19 | 19.0
Shields        | 4 |  4.0
Short Blades   | |  0.4
Stealth        | |  1.7

Action                   |  1- 3 |  4- 6 |  7- 9 | 10-12 | 13-15 | 16-18 || total
-------------------------+-------+-------+-------+-------+-------+-------++-------
Melee: Club              |     1 |       |       |       |       |       ||     1
       Whip              |    13 |       |     7 |       |       |       ||    20
       Tailslap          |     2 |       |       |       |    29 |    17 ||    48
       Dagger            |       |       |     9 |       |       |       ||     9
       Shortbow          |       |       |     1 |       |       |       ||     1
       Morningstar       |       |       |       |       |   147 |    96 ||   243
       Bite              |       |       |       |       |    17 |    11 ||    28
       Rapier            |       |       |       |       |       |     1 ||     1
 Fire: Shortbow          |       |       |    94 |   175 |    44 |       ||   313
Throw: Stone             |       |       |       |       |     2 |       ||     2
 Cast: Magic Dart        |    37 |    68 |    20 |       |     1 |       ||   126
       Searing Ray       |     9 |    33 |    43 |    12 |       |       ||    97
       Fulminant Prism   |       |       |    13 |     6 |       |     6 ||    25
       Fireball          |       |       |       |    83 |   128 |    69 ||   280
       Starburst         |       |       |       |    30 |    48 |    25 ||   103
       Flame Wave        |       |       |       |     9 |     5 |       ||    14
       Irradiate         |       |       |       |     3 |    13 |     4 ||    20
       Ignition          |       |       |       |       |    31 |    27 ||    58
       Orb of Destructio |       |       |       |       |       |    33 ||    33
 Abil: Breathe Acid      |       |       |    19 |     7 |    14 |     4 ||    44
Evoke: Wand              |       |       |       |       |     3 |     5 ||     8
  Use: Scroll            |       |     8 |     9 |     8 |     2 |     7 ||    34
       Potion            |       |       |     1 |     1 |     1 |       ||     3
 Stab: Sleeping          |     1 |       |     2 |       |       |       ||     3
Armor: Skin              |    12 |    11 |    57 |    31 |   117 |    95 ||   323
Dodge: Dodged            |    20 |    22 |    89 |    70 |   152 |   117 ||   470
Block: Buckler           |       |       |       |       |    40 |    39 ||    79

Levels and vault maps discovered:
D:1:      kennysheep_arrival_forest, layout_loops_ring
D:2:      layout_loops_ring, basic_altar, nrook_campfire, minivault_27,
          uniq_crazy_yiuf_cottage, uniq_jessica
D:3:      layout_loops_ring, shapermc_ecumenical_altar_hornbeckon,
          gammafunk_ghost_smash
D:4:      layout_basic, minmay_temple_entry_grid,
          nicolae_ossuary_entry_false_entrances, uniq_pargi, uniq_grinder
D:5:      layout_cave_pools, bloody_makhleb, amethyst_overflow_temple_binary,
          serial_shops, shop
D:6:      layout_layer_cave
D:7:      layout_basic, grunt_ministairs_9, dreamdust_mushroom_princess
D:8:      layout_loops_ring, dpeg_lair_monsters, enter_bailey_6
D:9:      layout_rooms, kennysheep_small_spiral
D:10:     layout_big_octagon, nzn_hepliaklqana_mist_gate, serial_column_ruins,
          column_ruins_hut, column_ruins_open_tiny, column_ruins_columns_corner,
          column_ruins_columns_T, pond, uniq_maurice
D:11:     layout_rooms, uniq_urug
D:12:     layout_long_grid, erik_orc_2, minmay_diced_spiral
D:13:     layout_basic, david_vaults_3, uniq_rupert, uniq_josephine
D:14:     nooodl_glass_maze, layout_gridville, gammafunk_ghost_stat_death,
          minmay_holes, drop_trap, uniq_nessos, uniq_lodul
D:15:     hangedman_depths_entry_try_elsewhere_first, layout_rooms,
          serial_glass, glass_columns_a, glass_columns_b
Temple:   hc_temple_tempest_star
Lair:1:   layout_hall_layers, chequers_serial_rivers_large_b, uniq_amaemon,
          uniq_joseph
Lair:2:   layout_gridlike, guppyfry_snake_entry_island
Lair:3:   nzn_winding_woodlands_stair_cross [nzn_winding_woodlands_5x15_pool,
          nzn_winding_woodlands_center_garden,
          nzn_winding_woodlands_5x15_sawtooth,
          nzn_winding_woodlands_5x5_checkerboard,
          nzn_winding_woodlands_5x5_cross, nzn_winding_woodlands_5x15_cabin,
          nzn_winding_woodlands_center_diamonds,
          nzn_winding_woodlands_5x15_river_crossing], layout_chaotic_city,
          minmay_swamp_entry_swarm, lemuel_old_faithful, lemuel_fruit_fields
Lair:4:   layout_layer_cave, serial_bayou_pond_c, kennysheep_catoblepas_arena
Lair:5:   layout_misc_corridors, slime_altar_2, portal_ice_cave_entry_pillars_1,
          nicolae_lair_lakeside_cave, serial_bayou_shore_b
Lair:6:   cheibrodos_lair_end_hotspot, layout_gridlike
Snake:1:  layout_cave_shapes, serial_bayou_shore_b
Snake:2:  layout_misc_corridors, serial_bayou_shore_a, uniq_kirke, uniq_nikola
Orc:1:    layout_caves, abandoned_shop, abandoned_shop
Orc:2:    grunt_orc_gardens, layout_caves, grunt_orc_garden, grunt_orc_garden,
          grunt_orc_garden, grunt_orc_garden, serial_shops, shop, shop,
          shop_statue, amcnicky_altar_lugonu_corruption

Notes
Turn   | Place    | Note
-------+----------+-------------------------------------------
     0 | D:1      | Sobieck the Draconian Conjurer began the quest for the Orb.
     0 | D:1      | Reached XP level 1. HP: 14/14 MP: 3/3
     1 | D:1      | You pick up a book of Annihilations and begin reading...
     1 | D:1      | You add the spells Chain Lightning, Fire Storm and Shatter
                  | to your library.
   288 | D:1      | Reached skill level 1 in Fighting
   288 | D:1      | Reached XP level 2. HP: 23/23 MP: 0/5
   291 | D:1      | Learned a level 2 spell: Searing Ray
  1020 | D:1      | Reached skill level 2 in Dodging
  1204 | D:1      | Reached XP level 3. HP: 28/28 MP: 3/6
  1713 | D:2      | You pick up a book of Ice and begin reading...
  1713 | D:2      | You add the spells Freezing Cloud, Simulacrum and Polar
                  | Vortex to your library.
  1810 | D:2      | Noticed Jessica
  1812 | D:2      | Killed Jessica
  1813 | D:2      | Reached skill level 2 in Fighting
  1813 | D:2      | Reached XP level 4. HP: 36/36 MP: 3/8
  2044 | D:2      | Found a sparkling altar of Nemelex Xobeh.
  2079 | D:2      | Found a runed translucent door.
  2080 | D:2      | Noticed Crazy Yiuf
  2394 | D:2      | Reached skill level 3 in Spellcasting
  2487 | D:2      | Learned a level 4 spell: Fulminant Prism
  3048 | D:3      | You add the spells Summon Forest, Eringya's Noxious Bog and
                  | Summon Hydra to your library.
  3079 | D:3      | Reached XP level 5. HP: 42/42 MP: 6/9
  3386 | D:3      | Found a transporter.
  3386 | D:3      | Noticed an ogre
  3387 | D:3      | Noticed Snarg's ghost (amateur OpTm)
  3389 | D:3      | Identified the +8 great mace of the Priest {antimagic,
                  | rElec rF+ Int+3}
  3389 | D:3      | Noticed an ogre
  3390 | D:3      | Found a transporter.
  3727 | D:3      | Found a faded altar of an unknown god.
  3969 | D:4      | Noticed Grinder
  4067 | D:4      | Killed Grinder
  4068 | D:4      | Reached skill level 3 in Fighting
  4068 | D:4      | Reached skill level 5 in Conjurations
  4068 | D:4      | Reached skill level 1 in Hexes
  4068 | D:4      | Reached XP level 6. HP: 51/51 MP: 2/11
  4070 | D:4      | Noticed Pargi
  4179 | D:4      | Found a sand-covered staircase.
  4188 | D:5      | Entered Level 5 of the Dungeon
  4249 | Ossuary  | Entered an ossuary
  4735 | Ossuary  | Reached skill level 2 in Hexes
  5567 | D:4      | Found a staircase to the Ecumenical Temple.
  5585 | Temple   | Entered the Ecumenical Temple
  5806 | Temple   | Became a worshipper of Vehumet
  6006 | D:4      | Your scales start taking on a golden yellow colour.
  6006 | D:4      | Reached XP level 7. HP: 58/58 MP: 8/12
  6006 | D:4      | Gained mutation: You are resistant to acid. (rCorr) [Yellow
                  | Draconian growth]
  6497 | D:5      | Reached skill level 4 in Spellcasting
  6558 | D:5      | Reached skill level 4 in Fighting
  6684 | D:5      | Found Diboloh's Book Emporium.
  6736 | D:5      | Reached skill level 3 in Dodging
  6772 | D:5      | Found a sparkling altar of Nemelex Xobeh.
  6772 | D:5      | Found an ornate altar of the Wu Jian Council.
  6952 | D:5      | Identified the ring of Liberty {rPois rF++ Int+6 Slay+5}
  6975 | D:5      | Found a burning altar of Makhleb.
  7349 | D:6      | Identified a scroll of acquirement
  7349 | D:6      | Acquired a book of Fire
  7350 | D:6      | You pick up a book of Fire and begin reading...
  7350 | D:6      | You add the spells Fireball, Starburst and Ignition to your
                  | library.
  7357 | D:6      | Learned a level 5 spell: Fireball
  7670 | D:6      | Reached skill level 6 in Conjurations
  7670 | D:6      | Reached skill level 3 in Hexes
  8126 | D:6      | Reached XP level 8. HP: 33/67 MP: 4/14
  8186 | D:6      | Reached * piety under Vehumet
  8186 | D:6      | Offered knowledge of Shock by Vehumet.
  8396 | D:6      | Reached skill level 5 in Fighting
  8909 | D:7      | Reached skill level 5 in Spellcasting
  9157 | D:7      | Identified the +0 pair of boots of the Doldrums {+Blink
                  | rPois rN+}
  9269 | D:6      | Reached skill level 4 in Dodging
  9577 | D:6      | Reached skill level 6 in Fighting
  9577 | D:6      | Reached skill level 7 in Conjurations
  9822 | D:7      | Reached XP level 9. HP: 71/78 MP: 8/17
 10022 | D:7      | Reached skill level 6 in Spellcasting
 10329 | D:7      | Reached skill level 7 in Fighting
 10668 | D:8      | Reached ** piety under Vehumet
 10668 | D:8      | Offered knowledge of Freeze by Vehumet.
 10669 | D:8      | Reached skill level 8 in Conjurations
 11034 | D:7      | Reached skill level 7 in Spellcasting
 11213 | D:8      | Found a flagged portal.
 11237 | D:8      | You pick up a book of Storms and begin reading...
 11237 | D:8      | You add the spells Airstrike, Summon Lightning Spire and
                  | Lightning Bolt to your library.
 11243 | Bailey   | Entered a bailey
 11690 | Bailey   | Noticed an orc knight
 11703 | Bailey   | Killed an orc knight
 11704 | Bailey   | Reached skill level 8 in Spellcasting
 11704 | Bailey   | Reached skill level 9 in Conjurations
 11799 | Bailey   | Reached skill level 9 in Spellcasting
 11799 | Bailey   | Reached skill level 10 in Conjurations
 11799 | Bailey   | Reached skill level 5 in Fire Magic
 11799 | Bailey   | Reached XP level 10. HP: 86/86 MP: 21/23
 11835 | Bailey   | Offered knowledge of Scorch by Vehumet.
 12042 | D:8      | Noticed a death yak
 12045 | D:8      | Noticed a death yak
 12065 | D:8      | Killed a death yak
 12066 | D:8      | Reached XP level 11. HP: 76/92 MP: 18/24
 12106 | D:8      | Killed a death yak
 12107 | D:8      | Reached skill level 10 in Spellcasting
 12107 | D:8      | Reached skill level 6 in Fire Magic
 12222 | D:8      | Found a staircase to the Lair.
 12254 | D:8      | Noticed a death yak
 12268 | D:8      | Killed a death yak
 12585 | D:9      | Reached *** piety under Vehumet
 12586 | D:9      | Reached skill level 7 in Fire Magic
 12729 | D:8      | Learned a level 6 spell: Starburst
 12945 | D:9      | Reached skill level 8 in Fire Magic
 13299 | D:9      | Offered knowledge of Inner Flame by Vehumet.
 13669 | D:10     | Entered Level 10 of the Dungeon
 13789 | D:10     | Reached skill level 9 in Fire Magic
 13927 | D:10     | Reached **** piety under Vehumet
 13949 | D:10     | Noticed Maurice
 13999 | D:10     | Killed Maurice
 14000 | D:10     | Reached skill level 10 in Fire Magic
 14065 | D:10     | Offered knowledge of Flame Wave by Vehumet.
 14071 | D:10     | Learned a level 4 spell: Flame Wave
 14204 | D:10     | You pick up a book of the Dragon and begin reading...
 14204 | D:10     | You add the spells Cause Fear, Dragon Form and Dragon's
                  | Call to your library.
 14512 | D:10     | Found a hazy altar of Hepliaklqana.
 14628 | D:11     | Reached skill level 11 in Fire Magic
 14635 | D:11     | Reached XP level 12. HP: 100/100 MP: 4/26
 15079 | D:11     | Noticed Urug
 15350 | D:11     | Killed Urug
 15351 | D:11     | Reached skill level 12 in Fire Magic
 15912 | D:12     | Noticed a boulder beetle
 16191 | D:12     | Reached ***** piety under Vehumet
 16221 | D:12     | Noticed an eight-headed hydra
 16227 | D:12     | Killed an eight-headed hydra
 16242 | D:12     | Offered knowledge of Irradiate by Vehumet.
 16249 | D:12     | Learned a level 5 spell: Irradiate
 16366 | D:12     | Reached skill level 13 in Fire Magic
 16578 | D:12     | Found a staircase to the Orcish Mines.
 16688 | D:12     | Killed a boulder beetle
 16689 | D:12     | Reached skill level 11 in Conjurations
 16738 | D:12     | You pick up a book of Storms and begin reading...
 17074 | Orc:1    | Entered Level 1 of the Orcish Mines
 17109 | Orc:1    | Noticed an orc high priest
 17110 | Orc:1    | Noticed an orc warlord
 17348 | Lair:1   | Entered Level 1 of the Lair of Beasts
 17348 | Lair:1   | Noticed Amaemon
 17351 | Lair:1   | Killed Amaemon
 17353 | Lair:1   | Noticed an eight-headed hydra
 17357 | D:8      | Reached skill level 12 in Conjurations
 17462 | Lair:1   | HP: 23/100 [komodo dragon (27)]
 17463 | Lair:1   | HP: 10/100 [eight-headed hydra (5)]
 17463 | Lair:1   | HP: 4/100 [eight-headed hydra (5)]
 17464 | Lair:1   | Killed an eight-headed hydra
 18333 | Lair:1   | Noticed Joseph
 18344 | Lair:1   | Killed Joseph
 18346 | Lair:1   | Reached skill level 11 in Spellcasting
 18872 | Lair:1   | You fall into a shaft and drop 1 floor!
 18901 | Lair:2   | Reached XP level 13. HP: 104/105 MP: 24/28
 19404 | Lair:2   | Found a staircase to the Snake Pit.
 19776 | Lair:2   | You pick up a book of Ice and begin reading...
 19789 | Lair:2   | Identified the +11 spear "Zanligh" {chaos, Str-4 Int+3
                  | Stlth+}
 19820 | Lair:2   | Reached skill level 14 in Fire Magic
 19923 | Lair:2   | Reached skill level 15 in Fire Magic
 19923 | Lair:2   | Gained mutation: You have acidic saliva. [Yellow Draconian
                  | growth]
 19923 | Lair:2   | Reached XP level 14. HP: 113/113 MP: 29/29
 19933 | Lair:2   | Learned a level 8 spell: Ignition
 20315 | Lair:2   | Reached skill level 16 in Fire Magic
 21165 | Lair:3   | Reached skill level 17 in Fire Magic
 21277 | Lair:3   | Found a staircase to the Swamp.
 21851 | Lair:3   | Reached skill level 1 in Shields
 22579 | Lair:4   | Reached skill level 2 in Shields
 22833 | Lair:4   | You pick up a book of Decay and begin reading...
 22833 | Lair:4   | You add the spells Corpse Rot, Dispel Undead and Death
                  | Channel to your library.
 23117 | Lair:4   | Offered knowledge of Sticky Flame by Vehumet.
 23122 | Lair:4   | Reached skill level 3 in Shields
 23797 | Lair:4   | You pick up a book of Chaos and begin reading...
 23797 | Lair:4   | You add the spells Conjure Ball Lightning, Disjunction and
                  | Discord to your library.
 24055 | Lair:5   | Found a runed translucent door.
 24055 | Lair:5   | Found a viscous altar of Jiyva.
 24122 | Lair:5   | Found a staircase to the Slime Pits.
 24381 | Orc:1    | Reached skill level 4 in Shields
 24425 | Orc:1    | Killed an orc warlord
 24730 | Orc:2    | Entered Level 2 of the Orcish Mines
 24730 | Orc:2    | Found a staircase to the Elven Halls.
 24802 | Orc:2    | Reached skill level 18 in Fire Magic
 24894 | Orc:2    | Reached XP level 15. HP: 118/118 MP: 21/30
 24908 | Orc:2    | Noticed an orc warlord
 24913 | Orc:2    | Killed an orc warlord
 25563 | Orc:2    | Found Huluso's Antique Armour Emporium.
 25823 | Orc:2    | Found Rias's General Store.
 25939 | Orc:2    | Found Goqaaz's Weapon Shoppe.
 26061 | Orc:2    | Found Odyjos's Book Boutique.
 26116 | Orc:2    | Found Xylemutu's Weapon Emporium.
 26170 | Orc:2    | Found Pamunuhi's Antique Weapon Emporium.
 26227 | Orc:2    | Found a one-way gate to the infinite horrors of the Abyss.
 26555 | Orc:2    | Found a corrupted altar of Lugonu.
 26662 | Orc:2    | Found Gibres's Book Emporium.
 26750 | Orc:2    | Offered knowledge of Lee's Rapid Deconstruction by Vehumet.
 26751 | Orc:2    | Reached skill level 19 in Fire Magic
 27163 | Orc:2    | Bought a book of the Spheres for 702 gold pieces
 27163 | Orc:2    | You pick up a book of the Spheres and begin reading...
 27163 | Orc:2    | You add the spells Iskenderun's Battlesphere and Orb of
                  | Destruction to your library.
 28261 | Lair:5   | Reached skill level 13 in Conjurations
 28981 | Lair:6   | Entered Level 6 of the Lair of Beasts
 29180 | Lair:6   | Reached skill level 12 in Spellcasting
 29977 | D:13     | Reached skill level 8 in Fighting
 29980 | D:13     | Found a gate to the Vaults.
 29980 | D:13     | Noticed Rupert
 29983 | D:13     | Killed Rupert
 29998 | D:13     | Offered knowledge of Ozocubu's Refrigeration by Vehumet.
 30133 | D:13     | Reached skill level 5 in Dodging
 30409 | D:13     | You pick up a book of Blasting and begin reading...
 30498 | D:13     | Noticed Josephine
 30501 | D:13     | Reached skill level 9 in Fighting
 30502 | D:13     | Killed Josephine
 30865 | D:14     | Found a transporter.
 30868 | D:14     | Noticed Solauffi's ghost (journeyman DjFE)
 30875 | D:14     | Noticed Lodul
 30876 | D:14     | Killed Lodul
 30877 | D:14     | Reached skill level 6 in Dodging
 30881 | D:14     | You pick up a book of Chaos and begin reading...
 31018 | D:14     | Found a transporter.
 31066 | D:14     | Reached XP level 16. HP: 132/132 MP: 16/32
 31443 | D:14     | Noticed Nessos
 31449 | D:14     | Killed Nessos
 31630 | D:14     | Reached skill level 7 in Dodging
 31631 | D:14     | Reached skill level 10 in Fighting
 31898 | D:14     | You pick up a book of the Tundra and begin reading...
 31898 | D:14     | You add the spells Hailstorm and Ice Form to your library.
 32384 | D:15     | Entered Level 15 of the Dungeon
 32390 | D:15     | Reached skill level 8 in Dodging
 33299 | D:15     | You pick up a book of the Tundra and begin reading...
 33442 | D:15     | Reached skill level 13 in Spellcasting
 33452 | D:14     | Learned a level 7 spell: Orb of Destruction
 33603 | D:15     | Offered knowledge of Iron Shot by Vehumet.
 33864 | D:15     | Found a staircase to the Depths.
 34570 | Lair:6   | Reached skill level 14 in Conjurations
 35899 | Lair:6   | Found a large runed translucent door.
 35900 | Lair:6   | Found a large runed translucent door.
 36194 | Snake:1  | Entered Level 1 of the Snake Pit
 36466 | Snake:1  | Reached skill level 15 in Conjurations
 37512 | Snake:2  | Noticed Kirke
 37514 | Snake:2  | Killed Kirke
 37668 | Snake:2  | You pick up a book of the Earth and begin reading...
 37668 | Snake:2  | You add the spells Leda's Liquefaction and Statue Form to
                  | your library.
 37860 | Snake:2  | Noticed Nikola
 37867 | Snake:2  | Killed Nikola
 37868 | Snake:2  | Reached XP level 17. HP: 134/140 MP: 9/34
 38001 | Snake:2  | HP: 33/140 [salamander/+3 halberd of freezing (15)]
 38001 | Snake:2  | HP: 14/140 [salamander/+3 halberd of freezing (3)]
 38002 | Snake:2  | Slain by a salamander

Vanquished Creatures
  Nikola (Snake:2)
  Rupert (D:13)
  Kirke (Snake:2)
  2 orc warlords
  A stone giant (Orc:2)
  Nessos (D:14)
  2 dire elephants
  4 ettins
  A fire dragon (Lair:6)
  Josephine (D:13)
  5 boulder beetles
  17 hydras
  4 centaur warriors
  A catoblepas (Lair:4)
  2 anacondas (Snake:1)
  A two-headed ogre (D:13)
  A death knight (D:14)
  Urug (D:11)
  16 death yaks
  A tengu warrior (D:14)
  3 naga sharpshooters
  An orc high priest (D:12)
  2 shock serpents
  8 skeletal warriors
  2 fire crabs
  Amaemon (Lair:1)
  Lodul (D:14)
  A wizard (D:15)
  4 orc knights
  A deep elf pyromancer (D:15)
  2 orc sorcerers
  3 manticores
  20 ugly things
  10 cyclopes
  2 salamanders
  8 elephants
  Joseph (Lair:1)
  Maurice (D:10)
  5 naga magi
  20 black mambas
  An orange demon (Lair:1)
  A rime drake (Lair:2)
  2 torpor snails (Lair:5)
  3 molten gargoyles (Lair:6)
  An unseen horror (shapeshifter) (D:15)
  12 cane toads
  3 yaktaurs (D:15)
  3 kobold demonologists (D:11)
  A freezing wraith (D:15)
  An unseen horror (D:11)
  2 tengu conjurers
  21 komodo dragons
  9 trolls
  A meliai (D:14)
  4 polar bears
  A tarantella (shapeshifter) (D:15)
  Grinder (D:4)
  2 hornets
  2 slime creatures
  6 blink frogs
  10 wraiths
  5 wyverns
  A shadow (D:11)
  2 hogs (Snake:2)
  42 yaks
  14 vampire mosquitoes
  A golden eye (shapeshifter) (D:12)
  8 basilisks
  17 humans
  5 steam dragons
  5 wargs
  13 nagas
  An acid dragon (D:13)
  A swamp drake (D:10)
  5 hell hounds (Lair:6)
  19 water moccasins
  29 orc warriors
  An ice beast (D:5)
  2 sky beasts
  20 ogres
  A black bear (Lair:3)
  22 wolves
  11 centaurs
  3 kobold brigands
  13 bullfrogs
  A necrophage (D:6)
  A scorpion (Lair:5)
  2 gnoll sergeants
  10 wights
  2 electric eels
  9 killer bees
  4 howler monkeys
  A centaur zombie (Ossuary)
  4 hounds
  A human zombie (Ossuary)
  5 lava snakes (Lair:6)
  14 orc priests
  2 gnoll shamans
  A jelly (D:7)
  Jessica (D:2)
  3 iguanas (D:6)
  A hell rat (D:8)
  23 orc wizards
  4 mummies (Ossuary)
  29 gnolls
  10 adders
  A worm (D:2)
  2 dart slugs (D:2)
  79 orcs
  9 endoplasms
  2 giant cockroaches
  7 goblins
  11 hobgoblins
  3 jackals (D:1)
  16 kobolds
  5 quokkas
  3 ball pythons
  4 bats
  4 frilled lizards
  2 hobgoblin zombies (Ossuary)
  2 kobold zombies (Ossuary)
  2 orc zombies (Ossuary)
  10 rats
  A bush (Lair:2)
  2 butterflies (Lair:3)
  A fulminant prism (D:8)
  2 lurking horrors (Orc:2)
784 creatures vanquished.

Vanquished Creatures (others)
  2 humans (Snake:2)
  2 butterflies (Lair:3)
  24 fulminant prisms
  61 fungi
  69 plants
158 creatures vanquished.

Grand Total: 942 creatures vanquished

Table legend:
 A = Non-vault XP
 B = Vault XP
 C = Vault XP percentage of total XP
 D = Non-vault monster count
 E = Vault monster count
 F = Vault count percentage of total count
                 A         B        C        D         E       F
            +---------+---------+-------+---------+---------+-------
      Total |  116204 |   68113 |  37.0 |     547 |     230 |  29.6
            +---------+---------+-------+---------+---------+-------
        D:1 |      42 |       0 |   0.0 |      25 |       0 |   0.0
        D:2 |      85 |      37 |  30.3 |      21 |       1 |   4.5
        D:3 |      61 |       0 |   0.0 |      14 |       0 |   0.0
        D:4 |      66 |     286 |  81.2 |      16 |       1 |   5.9
        D:5 |     320 |       0 |   0.0 |       8 |       0 |   0.0
        D:6 |     903 |     271 |  23.1 |      21 |       2 |   8.7
        D:7 |    1496 |       0 |   0.0 |      26 |       0 |   0.0
        D:8 |    1158 |    2484 |  68.2 |      15 |      11 |  42.3
        D:9 |    3564 |       0 |   0.0 |      31 |       0 |   0.0
       D:10 |    2305 |    1501 |  39.4 |      26 |       7 |  21.2
       D:11 |    4045 |     816 |  16.8 |      27 |       1 |   3.6
       D:12 |    2152 |    3294 |  60.5 |       9 |      27 |  75.0
       D:13 |    7402 |    9581 |  56.4 |      16 |      26 |  61.9
       D:14 |   14407 |    5848 |  28.9 |      25 |      17 |  40.5
       D:15 |   11850 |    2331 |  16.4 |      30 |       3 |   9.1
     Lair:1 |    4441 |    1671 |  27.3 |      18 |       3 |  14.3
     Lair:2 |   10194 |     636 |   5.9 |      29 |       4 |  12.1
     Lair:3 |    4716 |    8551 |  64.5 |      20 |      26 |  56.5
     Lair:4 |    5775 |     846 |  12.8 |      25 |       1 |   3.8
     Lair:5 |    6682 |    8389 |  55.7 |      13 |      20 |  60.6
     Lair:6 |   11782 |    8549 |  42.0 |      29 |      29 |  50.0
    Snake:1 |    4733 |       0 |   0.0 |       9 |       0 |   0.0
    Snake:2 |    6981 |    3920 |  36.0 |      17 |       4 |  19.0
      Orc:1 |    5749 |       0 |   0.0 |      29 |       0 |   0.0
      Orc:2 |    5295 |    8096 |  60.5 |      48 |      12 |  20.0
    Ossuary |       0 |     167 | 100.0 |       0 |      12 | 100.0
     Bailey |       0 |     839 | 100.0 |       0 |      23 | 100.0
            +---------+---------+-------+---------+---------+-------

Illustrated notes

Table legend:
 A = Kills in this place as a percentage of kills in entire the game.
 B = Kills by you in this place as a percentage of kills by you in the entire game.
 C = Kills by friends in this place as a percentage of kills by friends in the entire game.
 D = Other kills in this place as a percentage of other kills in the entire game.
 E = Experience gained in this place as a percentage of experience gained in the entire game.
 F = Experience gained in this place divided by the number of levels of this place that you have seen.
                   A       B       C       D       E      F
               +-------+-------+-------+-------+-------+----------------------
         Total | 100.0 | 100.0 |   N/A |   N/A | 100.0 | 6582.8
       Dungeon |  52.3 |  52.3 |   N/A |   N/A |  41.4 | 5087.0
          Lair |  27.9 |  27.9 |   N/A |   N/A |  39.2 | 12038.7
     Snake Pit |   3.9 |   3.9 |   N/A |   N/A |   8.5 | 7817.0
  Orcish Mines |  11.5 |  11.5 |   N/A |   N/A |  10.4 | 9570.0
       Ossuary |   1.5 |   1.5 |   N/A |   N/A |   0.1 | 167.0
        Bailey |   3.0 |   3.0 |   N/A |   N/A |   0.5 | 839.0
               +-------+-------+-------+-------+-------+----------------------

Table legend: (Time is in decaauts)
 A = Elapsed time spent in this place.
 B = Non-inter-level travel time spent in this place.
 C = Inter-level travel time spent in this place.
 D = Time resting spent in this place.
 E = Time spent auto-exploring this place.
 F = Levels seen in this place.
 G = Mean time per level.
                   A        B        C        D        E       F      G
               +--------+--------+--------+--------+--------+-----+--------+
         Total |  38429 |  35629 |   2800 |  12634 |  15811 |  28 | 1372.5 |
       Dungeon |  21599 |  19753 |   1846 |   6655 |   9238 |  15 | 1439.9 |
        Temple |    229 |    222 |      7 |      0 |     93 |   1 |  229.0 |
          Lair |  10561 |   9932 |    629 |   3389 |   4750 |   6 | 1760.2 |
     Snake Pit |   1649 |   1532 |    117 |    440 |    714 |   2 |  824.5 |
  Orcish Mines |   2852 |   2652 |    200 |   1278 |    891 |   2 | 1426.0 |
       Ossuary |    842 |    842 |      0 |    578 |      1 |   1 |  842.0 |
        Bailey |    694 |    694 |      0 |    294 |    124 |   1 |  694.0 |
               +--------+--------+--------+--------+--------+-----+--------+

Top non-repeatable levels by time:
  Lair:6: 2193 daAuts
     D:6: 2174 daAuts
  Lair:2: 2159 daAuts
    D:14: 1955 daAuts
     D:8: 1931 daAuts
  Lair:5: 1802 daAuts
  Lair:4: 1802 daAuts
    D:12: 1729 daAuts
   Orc:2: 1613 daAuts
    D:13: 1608 daAuts
     D:3: 1457 daAuts
     D:2: 1415 daAuts
    D:11: 1396 daAuts
     D:1: 1377 daAuts
 Snake:1: 1374 daAuts
